 Dungeon Crawl Stone Soup version 0.28.0-53-g5a82cb258f (webtiles) character file.

Game seed: 681020594674472565

805 Tirrikindir the Slasher (level 7, -1/48 HPs)
             Began as an Octopode Fighter on Aug 16, 2022.
             Was a Follower of Trog.
             Slain by a gnoll
             ... wielding a +0 spear
              (6 damage)
             ... on level 5 of the Dungeon.
             The game lasted 00:09:43 (4660 turns).

Tirrikindir the Slasher (Octopode Fighter)          Turns: 4660, Time: 00:09:43

Health: -1/48      AC:  1    Str: 13 (15) XL:     7   Next: 91%
Magic:  7/7        EV: 13    Int: 11      God:    Trog [*.....]
Gold:   258        SH:  5    Dex: 12 (13) Spells: 6/6 levels left

rFire   . . .      SeeInvis .   a - +1 long sword
rCold   . . .      Faith    .   b - +0 buckler
rNeg    . . .      Spirit   .   (helmet restricted)
rPois   .          Reflect  .   (no amulet)
rElec   .          Harm     .   (no ring)
rCorr   .          Rampage  .   (no ring)
Will    .....                   (no ring)
Stlth   ++++......              (no ring)
HPRegen 0.16/turn               (no ring)
MPRegen 0.10/turn               (no ring)
                                (no ring)
                                (no ring)

@: mighty, about to teleport, on berserk cooldown, slowed, very slow
A: almost no armour, amphibious, 8 rings, camouflage 1, gelatinous body 1,
(nimble swimmer 1), tentacles
a: Renounce Religion, Berserk


You were on level 5 of the Dungeon.
You worshipped Trog.
Trog was aware of your devotion.
You visited 1 branch of the dungeon, and saw 5 of its levels.

You collected 258 gold pieces.

Inventory:

Hand Weapons
 a - a +1 long sword (weapon)
Missiles
 h - 4 poisoned darts (quivered)
Armour
 b - a +0 buckler (worn)
Scrolls
 g - a scroll of identify
 l - a scroll of fog
 m - a scroll of amnesia {unknown}
 n - a scroll of holy word {unknown}
 o - a scroll of teleportation
 p - a scroll of noise {unknown}
Potions
 d - a potion of lignification
 e - 3 potions of curing
 f - 3 potions of flight {unknown}
 i - a potion of mutation {unknown}
 k - a potion of haste {unknown}


   Skills:
 - Level 4.0 Fighting
 * Level 6.2 Long Blades
 - Level 4.0 Dodging
 + Level 5.6 Stealth
 - Level 4.0 Shields


You had 6 spell levels left.
You didn't know any spells.
Your spell library contained the following spells:

 Spells                   Type           Power      Damage    Failure   Level
 Sandblast                Erth           0%         2d4       41%         1
 Passwall                 Tmut/Erth      0%         N/A       56%         2
 Stone Arrow              Conj/Erth      0%         3d7       80%         3


Dungeon Overview and Level Annotations

Branches:
Dungeon (5/15)
 Temple: D:4-7

Altars:
Trog


Innate Abilities, Weirdness & Mutations

You cannot wear most types of armour.
You are amphibious.
You can wear up to eight rings at the same time.
Your skin changes colour to match your surroundings (Stealth+).
Your rubbery body absorbs attacks. (AC +1, EV +1)
((You are camouflaged when in or above water. (Stealth+)))
You have tentacles for arms and can constrict up to eight enemies at once.


Message History

You see here a +0 flail.
You are no longer berserk.
You are exhausted.
You feel yourself slow down.
You see here a +0 chain mail.
There is an open door here.
Items here: )) ††.
h - 4 poisoned darts (gained 1)
Found a glowing golden potion.
You see here 15 gold pieces.
The gnoll sergeant shouts!
The gnoll sergeant hits you from afar with a +0 trident!
A gnoll comes into view. It is wielding a +0 spear.
You see here 15 gold pieces.
You aren't carrying any items that you can evoke.
The gnoll sergeant hits you from afar with a +0 trident!
The gnoll sergeant closely misses you. The gnoll sergeant barely misses you.
You hit the gnoll sergeant. Your grab misses the gnoll sergeant.
Your squeeze misses the gnoll sergeant.
The gnoll sergeant is moderately wounded.
The gnoll sergeant hits you with a +0 trident.
You feel very mighty all of a sudden. The gnoll sergeant barely misses you.
The gnoll hits you from afar with a +0 spear!
The gnoll sergeant hits you with a +0 trident!
* * * LOW HITPOINT WARNING * * *
Okay, then.
Okay, then.
You feel much better.
The gnoll hits you from afar with a +0 spear.
The gnoll sergeant hits you with a +0 trident.
* * * LOW HITPOINT WARNING * * *
The gnoll barely misses you.
As you read the scroll of teleportation, it crumbles to dust.
You feel strangely unstable.
The gnoll sergeant hits you with a +0 trident!
* * * LOW HITPOINT WARNING * * *
The gnoll hits you from afar with a +0 spear.
You die...

#.... #...........#.# #.
#$....####.......#####.# #.
........))#####..#####.###.
......###[# #..........'.
..... ##)## ##†.####.###.
.!.. #...# #..# #.# #. ...
#...# #..## #.# #. .. #...#
#...# #.# #. . #.g@# #...#
#.# #. #...# #...###.###.
#..g# #...........
#..$#####..#.##.##..
#.......g.)#.^...+..
................#..#.##..
#####!...............####
#.###########..#.# #.
...#.#


You could see a gnoll sergeant and a gnoll.

Vanquished Creatures
  Sigmund (D:2)
  A bullfrog (D:5)
  3 scorpions
  A water moccasin zombie (D:5)
  An orc priest (D:3)
  A hound (D:4)
  A jelly (D:4)
  An iguana (D:5)
  An orc wizard (D:3)
  A hound skeleton (D:4)
  4 gnolls (D:5)
  6 adders
  2 worms (D:2)
  3 dart slugs
  5 orcs
  10 ball pythons
  8 endoplasms
  5 giant cockroaches
  6 goblins
  9 hobgoblins
  3 jackals (D:1)
  10 kobolds
  3 quokkas
  10 bats
  4 frilled lizards
  4 rats
104 creatures vanquished.

Notes
Turn   | Place    | Note
-------+----------+-------------------------------------------
     0 | D:1      | Tirrikindir the Octopode Fighter began the quest for the
                  | Orb.
     0 | D:1      | Reached XP level 1. HP: 16/16 MP: 1/1
   206 | D:1      | Reached XP level 2. HP: 20/21 MP: 2/2
   552 | D:1      | Reached skill level 1 in Stealth
   702 | D:1      | Reached XP level 3. HP: 26/26 MP: 3/3
  1464 | D:2      | Noticed Sigmund
  1483 | D:2      | Killed Sigmund
  1484 | D:2      | Reached skill level 3 in Long Blades
  1484 | D:2      | Reached XP level 4. HP: 33/33 MP: 4/4
  1484 | D:2      | Reached XP level 5. HP: 37/37 MP: 5/5
  1583 | D:2      | Found a bloodstained altar of Trog.
  1965 | D:2      | Became a worshipper of Trog the Wrathful
  1991 | D:2      | Found a faded altar of an unknown god.
  2269 | D:2      | Reached XP level 6. HP: 43/43 MP: 6/6
  2656 | D:3      | Reached skill level 4 in Long Blades
  3108 | D:3      | Reached * piety under Trog
  3550 | D:4      | Reached XP level 7. HP: 48/48 MP: 7/7
  3920 | D:4      | Reached skill level 5 in Long Blades
  4346 | D:5      | Entered Level 5 of the Dungeon
  4502 | D:5      | Reached skill level 5 in Stealth
  4517 | D:5      | Reached skill level 6 in Long Blades
  4658 | D:5      | HP: 1/48 [gnoll sergeant/+0 trident (14)]
  4660 | D:5      | Slain by a gnoll

Illustrated notes

Levels and vault maps discovered:
D:1:      dpeg_arrival_orchard, layout_loops_corners, minmay_split_cup_small
D:2:      layout_loops_ring, basic_altar, hellmonk_ecumenical_altar_arch_garden,
          kennysheep_generic_room_6, uniq_sigmund
D:3:      layout_loops_cross, dk_noncrumbling_3, chequers_serial_rivers_room_b
D:4:      layout_basic, serial_park_tiny_2
D:5:      layout_basic, gup_ossuary_entry_pyramid, uniq_menkaure

Skill      XL: |  1  2  3  4  5  6  7 |
---------------+----------------------+-----
Stealth        | 1 2 3 5 |  5.6
Long Blades    | 3 4 6 |  6.2
Shields        | 4 |  4.0
Dodging        | 4 |  4.0
Fighting       | 4 |  4.0

Action                   |  1- 3 |  4- 6 |  7- 9 || total
-------------------------+-------+-------+-------++-------
Melee: Long sword        |    69 |    91 |    40 ||   200
       Tentacles         |     9 |    21 |     8 ||    38
       Constrict         |    17 |    21 |    13 ||    51
       Punch             |     1 |     1 |     1 ||     3
Throw: Dart              |       |     1 |     4 ||     5
Invok: Berserk           |       |       |     2 ||     2
  Use: Scroll            |     2 |     2 |     4 ||     8
       Potion            |     2 |     1 |     5 ||     8
 Stab: Sleeping          |     8 |    12 |     5 ||    25
Armor: Skin              |     4 |     7 |     1 ||    12
Dodge: Dodged            |    52 |    59 |    29 ||   140
Block: Buckler           |     9 |    13 |    12 ||    34
